 Dungeon Crawl Stone Soup version 0.28-a0-1412-gf95308ed99 (webtiles) character file.

Game seed: 10285071406003201380

28008 Armakuni the Basher (level 13, 0/96 HPs)
             Began as a Human Wanderer on Jan 6, 2022.
             Was an Elder of the Shining One.
             Shot with a bolt by an orc knight (13 damage)
             ... on level 2 of the Orcish Mines.
             The game lasted 00:40:46 (17218 turns).

Armakuni the Basher (Human Wanderer)               Turns: 17218, Time: 00:40:47

Health: 0/96       AC: 21    Str: 20    XL:     13   Next: 70%
Magic:  0/20       EV: 12    Int: 14    God:    the Shining One [****..]
Gold:   1097       SH: 10    Dex: 14    Spells: 13/14 levels left

rFire   . . .      SeeInvis +   a - +6 dire flail (venom)
rCold   . . .      Faith    .   (shield currently unavailable)
rNeg    + + .      Spirit   +   n - +2 plate armour {Will+}
rPois   .          Reflect  .   F - +1 hat of the Furies {Str+2}
rElec   .          Harm     .   m - +1 cloak
rCorr   .          Rampage  .   (no gloves)
Will    ++...                   c - +2 pair of boots "Ysampeli" {Slay+2}
Stlth   ..........              G - amulet of guardian spirit
HPRegen 0.26/turn               E - +4 ring of evasion
MPRegen 0.17/turn               W - ring "Woimp" {Will+ Int+3 SInv}

@: divinely shielded, glowing
A: no striking features
a: Renounce Religion, Divine Shield, Cleansing Flame


You were on level 2 of the Orcish Mines.
You worshipped the Shining One.
The Shining One was greatly pleased with you.
You visited 3 branches of the dungeon, and saw 14 of its levels.
You also visited: Bailey and Gauntlet.

You collected 1649 gold pieces.
You spent 552 gold pieces at shops.

Inventory:

Hand Weapons
 a - a +6 dire flail of venom (weapon)
Armour
 c - the +2 pair of boots "Ysampeli" (worn) {Slay+2}
   (You found it on level 7 of the Dungeon)

   Slay:      It affects your accuracy & damage with ranged weapons and melee
   (+2).
 l - a +0 pair of boots of flying
 m - a +1 cloak (worn)
 n - a +2 plate armour of willpower (worn)
 F - the +1 hat of the Furies (worn) {Str+2}
   (You found it in a Gauntlet)

   Str:       It affects your strength (+2).
Magical Staves
 y - a staff of conjuration
 D - a staff of poison
Jewellery
 g - a ring of wizardry
 C - a +4 ring of protection
 E - a +4 ring of evasion (left hand)
 G - an amulet of guardian spirit (around neck)
 J - a ring of ice
 L - a ring of flight
 W - the ring "Woimp" (right hand) {Will+ Int+3 SInv}
   (You bought it in a shop on level 2 of the Orcish Mines)

   [ring of willpower]

   Int:       It affects your intelligence (+3).
   SInv:      It lets you see invisible.
   Will:      It increases your willpower.
Wands
 p - a wand of polymorph (15)
Scrolls
 d - a scroll of fear
 o - a scroll of vulnerability
 r - 4 scrolls of teleportation
 u - a scroll of fog
 v - 2 scrolls of noise
 x - 2 scrolls of amnesia
 M - a scroll of identify
Potions
 b - 2 potions of ambrosia
 e - a potion of heal wounds
 f - a potion of attraction
 i - 3 potions of might
 k - a potion of magic
 s - 3 potions of curing
 t - 3 potions of haste
 w - 2 potions of degeneration {unknown}
 z - 3 potions of flight
 B - 2 potions of mutation {unknown}
 H - 2 potions of invisibility {unknown}


   Skills:
 + Level 7.2 Fighting
 - Level 12.5(14.0) Maces & Flails
 - Level 10.2(12.8) Staves
 - Level 3.0 Bows
 + Level 6.5 Armour
 + Level 6.8 Dodging
 - Level 1.0 Spellcasting
 - Level 3.0 Air Magic
 - Level 10.0 Invocations
 - Level 5.0 Evocations


You had 13 spell levels left.
You knew the following spells:

 Your Spells              Type           Power      Damage    Failure   Level
a - Apportation           Tloc           0%         N/A       99%         1

Your spell library contained the following spells:

 Spells                   Type           Power      Damage    Failure   Level
 Animate Skeleton         Necr           0%         N/A       99%         1
 Freeze                   Ice            0%         1d3       99%         1
 Sandblast                Erth           0%         2d4       99%         1
 Summon Small Mammal      Summ           0%         N/A       99%         1
 Corpse Rot               Necr/Air       8%         N/A       99%         2
 Static Discharge         Conj/Air       4%         N/A       99%         2
 Swiftness                Air            9%         N/A       99%         3
 Passwall                 Tmut/Erth      0%         N/A       100%        2
 Frozen Ramparts          Ice            0%         1d2       100%        3
 Gell's Gravitas          Tloc           0%         N/A       100%        3
 Portal Projectile        Hex/Tloc       0%         N/A       100%        3
 Stone Arrow              Conj/Erth      0%         3d7       100%        3
 Teleport Other           Tloc           0%         N/A       100%        3
 Animate Armour           Summ/Erth      0%         N/A       100%        4
 Hailstorm                Conj/Ice       0%         3d3       100%        4
 Passage of Golubria      Tloc           0%         N/A       100%        4
 Alistair's Intoxication  Tmut/Pois      0%         N/A       100%        5
 Blade Hands              Tmut           0%         N/A       100%        5
 Excruciating Wounds      Necr           0%         N/A       100%        5
 Fireball                 Conj/Fire      0%         3d3       100%        5
 Silence                  Hex/Air        2%         N/A       100%        5
 Dispersal                Tloc           0%         N/A       100%        6
 Starburst                Conj/Fire      0%         6d3       100%        6
 Ignition                 Fire           0%         3d3       100%        8
 Lehudib's Crystal Spear  Conj/Erth      0%         10d2      100%        8


Dungeon Overview and Level Annotations

Branches:
Dungeon (11/15)            Temple (1/1) D:4            Lair (0/6) D:10
    Orc (2/2) D:11            Elf (0/3) Orc:2        Bailey (visited)
Gauntlet (visited)

Altars:
Ashenzari
Cheibriados
Dithmenos
Gozag
Hepliaklqana
Kikubaaqudgha
Makhleb
Nemelex Xobeh
Okawaru
Qazlal
Ru
Sif Muna
Trog
Uskayaw
Vehumet
Wu Jian
Xom
Yredelemnul
Zin
The Shining One
Beogh

Shops:
D:7 ?   Orc:2 :!=?*


Message History

The now-empty wand crumbles to dust.
You hear a howl!
You hear a shout!
The orc knight is engulfed in blazing flames.
Flame seeps out of the orc knight.
The orc knight shoots a bolt.
The bolt hits you!!
* * * LOW HITPOINT WARNING * * *
The orc knight is engulfed in blazing flames.
Flame seeps out of the orc knight.
You feel much better.
The orc warrior no longer looks unusually strong.
The orc knight roars a battlecry!
The orcs go into a battle-frenzy!
Okay, then.
Unknown command.
Unknown command.
Unknown command.
Okay, then.
The orc knight shoots a bolt.
The bolt hits you!!
* * * LOW HITPOINT WARNING * * *
Blink to where?
Press: ? - help, Dir - move target, p - orc knight
As you read the scroll of blinking, it crumbles to dust.
A warg comes into view.
As you read the scroll of summoning, it crumbles to dust.
Wisps of shadow whirl around you...
The warg howls!
You hear a shout!
The orc warrior throws a boomerang.
The boomerang hits your orc wizard. What are your orders? t - Shout!
Orders for allies: a - Attack new target. r - Retreat! s - Stop attacking. g - Guard the area. f - Follow me.
Anything else - Cancel.
Gang up on whom?
Press: ? - help, Dir - move target, f - orc knight
Aim: an orc knight, wielding a +0 arbalest, wearing a +0 plate armour and quivering bolts (severely wounded, inner flame, strong) Attack!
The orc knight shoots a bolt.
The bolt closely misses your orc wizard.
The bolt hits you!
You die...

.........###o##..# #.# #..
......ooo.ooo....# #.# #..
.........###'###.# #.# #..
.#.......#.....#.###.###[#
........[#.....#.o.oo.o..#
....oo...#.....#.###.###)#
.......o.#∩....#.# #.# #[#
....o...o#######.###[###.#
....#..o.@.............[..
...ho................÷...
........o......##[.#.....
...............[..[......
..........[....#...).....
...................#.....
.....>............#......
#...#..........).##..#..#
.....#...#...............


You could see an orc knight (inner flame, strong, ally target), a warg, an orc
warrior (inner flame, strong), an orc (inner flame, strong), a friendly orc
warrior (summoned), 2 friendly orc wizards and 5 friendly orcs.

Vanquished Creatures
  A minotaur (Gauntlet)
  2 hydras
  A centaur warrior (D:9)
  2 two-headed ogres
  3 death yaks (Gauntlet)
  2 thrashing horrors (Gauntlet)
  4 skeletal warriors (D:11)
  Pikel (D:9)
  A necromancer (Gauntlet)
  6 orc knights
  An ugly thing (D:11)
  A cyclops (Orc:2)
  2 gargoyles
  Psyche (D:11)
  A komodo dragon (D:11)
  A kobold demonologist (D:11)
  6 trolls
  A wraith (D:9)
  Sigmund (D:4)
  A vampire (Bailey)
  3 wyverns
  20 yaks
  A basilisk (D:10)
  A steam dragon (D:5)
  Menkaure (D:4)
  2 acid dragons
  6 wargs
  Duvessa (D:5)
  3 water moccasins
  22 orc warriors
  2 sky beasts
  2 black bears
  An ogre (Orc:2)
  10 centaurs
  3 kobold brigands
  Blork the orc (D:4)
  A wyvern zombie (D:6)
  2 bullfrogs
  2 gnoll sergeants
  5 scorpions
  2 small abominations (Gauntlet)
  Dowan (D:5)
  4 wights (D:8)
  8 killer bees
  8 wolf zombies (Bailey)
  8 vampire bats (Bailey)
  2 centaur zombies
  A bullfrog zombie (D:6)
  3 hounds
  Crazy Yiuf (D:5)
  2 gnoll shamans
  12 orc priests
  Natasha (twice) (D:2)
  4 iguanas
  15 orc wizards
  2 hound skeletons (D:4)
  A howler monkey zombie (D:9)
  Robin (D:2)
  22 gnolls
  10 adders
  A shadow imp (D:7)
  An ufetubus (D:4)
  A dart slug (D:2)
  72 orcs
  6 bats
  4 endoplasms
  6 giant cockroaches
  13 goblins
  8 hobgoblins
  3 jackals (D:3)
  2 quokkas
  A ball python (D:3)
  5 frilled lizards
  30 kobolds
  24 orc zombies (Bailey)
  9 rats
423 creatures vanquished.

Vanquished Creatures (collateral kills)
  An orc wizard (D:6)
  An orc (D:6)
2 creatures vanquished.

Grand Total: 425 creatures vanquished

Notes
Turn   | Place    | Note
-------+----------+-------------------------------------------
     0 | D:1      | Armakuni the Human Wanderer began the quest for the Orb.
     0 | D:1      | Armakuni set off with the following items: a +2 shortbow,
                  | 25 arrows, a +0 cloak, a +0 leather armour; and the
                  | following spells available to memorise: Corpse Rot, Static
                  | Discharge
     0 | D:1      | Reached XP level 1. HP: 13/13 MP: 2/2
   154 | D:1      | Reached skill level 1 in Fighting
   212 | D:1      | Reached XP level 2. HP: 19/21 MP: 3/3
   326 | D:1      | Reached skill level 1 in Maces & Flails
   647 | D:1      | Reached XP level 3. HP: 26/26 MP: 4/4
   970 | D:2      | Noticed Natasha
   977 | D:2      | Killed Natasha
   978 | D:2      | Reached skill level 2 in Maces & Flails
   978 | D:2      | Reached XP level 4. HP: 26/33 MP: 5/5
  1298 | D:2      | Noticed Robin
  1312 | D:2      | Killed Robin
  1920 | D:2      | Reached XP level 5. HP: 40/40 MP: 6/6
  2065 | D:2      | Noticed Natasha
  2072 | D:2      | Killed Natasha
  2073 | D:2      | Reached skill level 3 in Maces & Flails
  2685 | D:3      | Reached XP level 6. HP: 19/48 MP: 7/7
  3052 | D:3      | Found a faded altar of an unknown god.
  3718 | D:4      | Noticed Menkaure
  3780 | D:4      | Reached skill level 4 in Maces & Flails
  4309 | D:4      | Found a staircase to the Ecumenical Temple.
  4318 | Temple   | Entered the Ecumenical Temple
  4675 | D:4      | Reached skill level 1 in Evocations
  4702 | D:4      | Noticed Sigmund
  4720 | D:4      | Killed Menkaure
  4721 | D:4      | Reached XP level 7. HP: 23/55 MP: 8/8
  4740 | D:4      | Killed Sigmund
  4772 | D:4      | Reached skill level 5 in Fighting
  4937 | D:4      | Noticed Blork the orc
  4940 | D:4      | Reached skill level 5 in Maces & Flails
  4952 | D:4      | Killed Blork the orc
  4953 | D:4      | Reached XP level 8. HP: 47/62 MP: 9/9
  5429 | D:5      | Entered Level 5 of the Dungeon
  5446 | D:5      | Noticed Dowan
  5457 | D:5      | Killed Dowan
  5470 | D:5      | Noticed Duvessa
  5473 | D:5      | Killed Duvessa
  5948 | D:5      | Found a runed translucent door.
  5949 | D:5      | Noticed Crazy Yiuf
  5958 | D:5      | Killed Crazy Yiuf
  6276 | D:5      | Reached skill level 1 in Staves
  6276 | D:5      | Reached skill level 5 in Evocations
  6276 | D:5      | Reached XP level 9. HP: 58/68 MP: 7/10
  6927 | D:6      | Reached skill level 5 in Dodging
  7442 | D:7      | Reached skill level 5 in Armour
  7881 | D:7      | Found Teirauwnu's Magic Scroll Emporium.
  7945 | D:7      | Reached XP level 10. HP: 56/76 MP: 9/11
  8090 | D:7      | Identified the +2 pair of boots "Ysampeli" {Slay+2}
  8548 | Temple   | Became a worshipper of the Shining One
  8807 | D:8      | Found a flagged portal.
  8818 | Bailey   | Entered a bailey
  9008 | Bailey   | Reached * piety under the Shining One
  9013 | Bailey   | Noticed a gargoyle
  9029 | Bailey   | Killed a gargoyle
  9030 | Bailey   | Reached skill level 1 in Invocations
  9197 | Bailey   | Reached ** piety under the Shining One
  9354 | Bailey   | Reached *** piety under the Shining One
  9466 | D:8      | Learned a level 1 spell: Apportation
  9590 | D:8      | Reached skill level 5 in Staves
  9749 | D:8      | Noticed an eight-headed hydra
  9756 | D:8      | Killed an eight-headed hydra
 10496 | D:9      | Noticed a gargoyle
 10502 | D:9      | Killed a gargoyle
 10503 | D:9      | Reached XP level 11. HP: 70/84 MP: 10/14
 10640 | D:9      | Reached skill level 6 in Maces & Flails
 10805 | D:9      | Reached **** piety under the Shining One
 10838 | D:9      | Noticed a two-headed ogre
 10838 | D:9      | Noticed Pikel
 10850 | D:9      | Killed Pikel
 10851 | D:9      | Reached skill level 5 in Invocations
 10857 | D:9      | Killed a two-headed ogre
 11072 | D:9      | Noticed a centaur warrior
 11083 | D:9      | Killed a centaur warrior
 11084 | D:9      | Reached skill level 7 in Maces & Flails
 11724 | D:10     | Entered Level 10 of the Dungeon
 11920 | D:10     | Found an iron altar of Okawaru.
 11990 | D:10     | Reached skill level 8 in Maces & Flails
 11990 | D:10     | Reached XP level 12. HP: 78/91 MP: 13/17
 12161 | D:10     | Found a staircase to the Lair.
 13031 | D:11     | Found a gate leading to a gauntlet.
 13037 | Gauntlet | Entered a Gauntlet
 13037 | Gauntlet | Noticed a great orb of eyes
 13037 | Gauntlet | Found a transporter.
 13040 | Gauntlet | Found a transporter.
 13043 | Gauntlet | Noticed a death yak
 13044 | Gauntlet | Noticed a death yak
 13056 | Gauntlet | Found a transporter.
 13060 | Gauntlet | Found a transporter.
 13062 | Gauntlet | Noticed a sixfirhy
 13070 | Gauntlet | Noticed a sixfirhy
 13070 | Gauntlet | Noticed a sixfirhy
 13080 | Gauntlet | Found a transporter.
 13085 | Gauntlet | Noticed a sixfirhy
 13090 | Gauntlet | Noticed a thrashing horror
 13096 | Gauntlet | Found a transporter.
 13098 | Gauntlet | Noticed a thrashing horror
 13106 | Gauntlet | Found a transporter.
 13107 | Gauntlet | Noticed a great orb of eyes
 13126 | Gauntlet | Found a transporter.
 13130 | Gauntlet | Found a transporter.
 13137 | Gauntlet | Noticed a quicksilver ooze
 13138 | Gauntlet | Found a transporter.
 13158 | Gauntlet | Noticed a death yak
 13158 | Gauntlet | Reached ***** piety under the Shining One
 13164 | Gauntlet | Found a transporter.
 13166 | Gauntlet | Found a transporter.
 13239 | Gauntlet | Killed a death yak
 13243 | Gauntlet | Killed a death yak
 13256 | Gauntlet | Killed a death yak
 13257 | Gauntlet | Reached skill level 9 in Maces & Flails
 13428 | Gauntlet | Identified the +1 hat of the Furies {Str+2}
 13433 | Gauntlet | Killed a thrashing horror
 13439 | Gauntlet | Killed a thrashing horror
 13475 | Gauntlet | Noticed a minotaur
 13496 | Gauntlet | Killed a minotaur
 13769 | Gauntlet | Identified the +3 long sword "Spider's Regret" {holy,
                  | +Blink rF+ Dex-3 Stlth+}
 13917 | D:11     | Found a staircase to the Orcish Mines.
 14184 | D:11     | Noticed a skeletal warrior
 14185 | D:11     | Noticed a skeletal warrior
 14185 | D:11     | Noticed a skeletal warrior
 14185 | D:11     | Noticed a skeletal warrior
 14223 | D:11     | Killed a skeletal warrior
 14227 | D:11     | Killed a skeletal warrior
 14233 | D:11     | Killed a skeletal warrior
 14234 | D:11     | Reached skill level 10 in Staves
 14246 | D:11     | Killed a skeletal warrior
 14247 | D:11     | Reached XP level 13. HP: 48/96 MP: 12/20
 14499 | D:11     | Noticed a six-headed hydra
 14508 | D:11     | Killed a six-headed hydra
 14509 | D:11     | Reached skill level 10 in Maces & Flails
 14680 | D:11     | Noticed Psyche
 14682 | D:11     | Killed Psyche
 14761 | D:11     | Reached skill level 10 in Invocations
 15098 | Orc:1    | Entered Level 1 of the Orcish Mines
 15475 | Orc:1    | Reached skill level 11 in Maces & Flails
 15671 | Orc:2    | Entered Level 2 of the Orcish Mines
 15746 | Orc:2    | Found Disuxzuu's Jewellery Boutique.
 15759 | Orc:2    | Bought the ring "Woimp" {Will+ Int+3 SInv} for 552 gold
                  | pieces
 16186 | Orc:2    | Found a staircase to the Elven Halls.
 16254 | Orc:2    | Reached skill level 12 in Maces & Flails
 16496 | Orc:2    | Found Yzicojol's Book Boutique.
 17163 | Orc:2    | Found Xovalaes's Magic Scroll Boutique.
 17163 | Orc:2    | Found Jegraraf's Assorted Antiques.
 17194 | Orc:2    | Found Toskoot's Distillery.
 17218 | Orc:2    | Shot with a bolt by an orc knight

Illustrated notes

Levels and vault maps discovered:
D:1:      dpeg_arrival_line_fractal, layout_loops_ring
D:2:      minmay_evil_eye, layout_basic, uniq_natasha, uniq_robin
D:3:      layout_basic, dreamdust_ecumenical_altar_angels_and_demons
D:4:      layout_loops_corners, minmay_temple_entry_stoned_glass,
          minmay_joined_circles, uniq_menkaure, uniq_sigmund, uniq_blork_the_orc
D:5:      layout_loops_ring, kennysheep_another_room,
          kennysheep_generic_room_14, uniq_duvessa, uniq_crazy_yiuf_cottage
D:6:      nicolae_cairo_tiling_large, layout_basic, serial_rivers,
          chequers_serial_rivers_small_3, chequers_serial_rivers_micro_d,
          chequers_serial_rivers_micro_e, chequers_serial_rivers_small_b
D:7:      layout_loops_cross, serial_shops, nicolae_take_the_stairs
D:8:      layout_cave_pods, nicolae_overflow_hidden_temple, enter_bailey_2
D:9:      kennysheep_six_static_rooms, layout_long_grid, dk_noncrumbling_2,
          uniq_pikel
D:10:     layout_long_grid, mainiacjoe_overflow_alcove_1, david_lair_generic
D:11:     layout_basic, david_orc_2, gauntlet_entry_generic, uniq_psyche
Temple:   mainiacjoe_temple_bowtie_tessellation
Orc:1:    layout_caves, mines2_lemuel
Orc:2:    st_orc_town, layout_caves, serial_shops, shop

Skill      XL: |  1  2  3  4  5  6  7  8  9 10 11 12 13 |
---------------+----------------------------------------+-----
Fighting       | 1 2 3 4 5 6 7 |  7.2
Maces & Flails | 1 2 3 4 5 8 9 12 | 12.5
Evocations     | 1 3 5 |  5.0
Armour         | 3 5 6 |  6.5
Dodging        | 4 5 6 |  6.8
Staves         | 1 3 6 8 10 | 10.2
Invocations    | 4 7 9 10 | 10.0
Bows           | |  3.0
Spellcasting   | |  1.0
Air Magic      | |  3.0

Action                   |  1- 3 |  4- 6 |  7- 9 | 10-12 | 13-15 || total
-------------------------+-------+-------+-------+-------+-------++-------
Melee: Spear             |       |    30 |     8 |       |       ||    38
       Flail             |       |       |    72 |       |       ||    72
       Quarterstaff      |       |       |   141 |   183 |       ||   324
       Punch             |       |       |     2 |     2 |       ||     4
       Whip              |       |       |    80 |    32 |       ||   112
       Dire flail        |       |       |       |   424 |   261 ||   685
 Fire: Shortbow          |    64 |   166 |       |       |       ||   230
Throw: Dart              |       |     6 |       |       |       ||     6
Invok: Divine Shield     |       |       |       |     5 |     7 ||    12
       Cleansing Flame   |       |       |       |     4 |     1 ||     5
Evoke: Wand              |       |     3 |     8 |    11 |     6 ||    28
  Use: Scroll            |     2 |     4 |     9 |    14 |     4 ||    33
       Potion            |       |       |     1 |     5 |     1 ||     7
Armor: Leather armour    |    22 |    38 |       |       |       ||    60
       Ring mail         |       |    26 |       |       |       ||    26
       Scale mail        |       |     5 |    55 |       |       ||    60
       Plate armour      |       |       |   162 |   482 |    96 ||   740
Dodge: Dodged            |    13 |    75 |   192 |   447 |   124 ||   851
Block: Other             |       |       |       |    27 |    46 ||    73

Table legend: (Time is in decaauts)
 A = Elapsed time spent in this place.
 B = Non-inter-level travel time spent in this place.
 C = Inter-level travel time spent in this place.
 D = Time resting spent in this place.
 E = Time spent auto-exploring this place.
 F = Levels seen in this place.
 G = Mean time per level.
                   A        B        C        D        E       F      G
               +--------+--------+--------+--------+--------+-----+--------+
         Total |  17135 |  16411 |    724 |   2255 |  10390 |  16 | 1070.9 |
       Dungeon |  13388 |  12762 |    626 |   1402 |   8586 |  11 | 1217.1 |
        Temple |    281 |    217 |     64 |      0 |    204 |   1 |  281.0 |
  Orcish Mines |   2035 |   2002 |     33 |    405 |   1057 |   2 | 1017.5 |
        Bailey |    645 |    645 |      0 |     48 |    331 |   1 |  645.0 |
      Gauntlet |    784 |    784 |      0 |    400 |    212 |   1 |  784.0 |
               +--------+--------+--------+--------+--------+-----+--------+

Top non-repeatable levels by time:
     D:2: 1689 daAuts
     D:4: 1543 daAuts
     D:9: 1441 daAuts
    D:11: 1298 daAuts
    D:10: 1229 daAuts
   Orc:1: 1175 daAuts
     D:3: 1131 daAuts
     D:7: 1121 daAuts
     D:8: 1068 daAuts
     D:5: 1034 daAuts
     D:1: 960 daAuts
     D:6: 870 daAuts
   Orc:2: 859 daAuts
Gauntlet: 784 daAuts
  Bailey: 645 daAuts
